 Dungeon Crawl Stone Soup version 0.29-a0-565-g7a16c6de65 (webtiles) character file.

Game seed: 3068191712767690418

578 Glokmah the Gusty (level 7, -1/51 HPs)
             Began as a Human Air Elementalist on June 12, 2022.
             Slain by a lemure (11 damage)
             ... led by Pikel
             ... on level 4 of the Dungeon.
             The game lasted 00:12:40 (5366 turns).

Glokmah the Gusty (Human Air Elementalist)          Turns: 5366, Time: 00:12:41

Health: -1/51      AC:  3    Str:  8    XL:     7   Next: 62%
Magic:  1/12       EV: 16    Int: 18    God:
Gold:   144        SH:  0    Dex: 13    Spells: 2/12 levels left

rFire   . . .      SeeInvis .   a - +0 dagger (elec)
rCold   . . .      Faith    .   z - orb {mayhem}
rNeg    . . .      Spirit   .   C - +1 robe {Will+}
rPois   .          Reflect  .   (no helmet)
rElec   .          Harm     .   D - scarf {shadows}
rCorr   .          Rampage  .   (no gloves)
Will    +....                   (no boots)
Stlth   ++........              l - amulet of regeneration
HPRegen 0.97/turn               h - +4 ring of evasion
MPRegen 0.13/turn               (no ring)

@: no status effects
A: no striking features
a: no special abilities


You were on level 4 of the Dungeon.
You visited 1 branch of the dungeon, and saw 5 of its levels.

You collected 247 gold pieces.
You spent 103 gold pieces at shops.

Inventory:

Hand Weapons
 a - a +0 dagger of electrocution (weapon)
 B - a +0 whip
Missiles
 e - 6 poisoned darts
 t - 2 curare-tipped darts
Armour
 z - an orb of mayhem (worn)
 C - a +1 robe of willpower (worn)
 D - a scarf of shadows (worn)
Jewellery
 c - an amulet of the acrobat
 h - a +4 ring of evasion (left hand)
 l - an amulet of regeneration (around neck)
Wands
 A - a wand of polymorph (7)
Scrolls
 f - a scroll of teleportation
 g - 2 scrolls of magic mapping
 i - 2 scrolls of amnesia
 r - a scroll of brand weapon
 x - 3 scrolls of enchant weapon {unknown}
 y - 4 scrolls of identify {unknown}
Potions
 b - 2 potions of magic
 d - a potion of berserk rage {unknown}
 j - a potion of attraction {unknown}
 n - 3 potions of brilliance {unknown}
 o - a potion of might {unknown}
 p - a potion of lignification {unknown}
 s - a potion of ambrosia {unknown}
 u - 2 potions of degeneration {unknown}
 v - a potion of resistance {unknown}
 w - 2 potions of curing {unknown}
 E - a potion of heal wounds {unknown}


   Skills:
 + Level 2.7 Fighting
 - Level 2.0 Dodging
 - Level 2.0 Stealth
 + Level 3.3 Spellcasting
 * Level 4.4 Conjurations
 * Level 5.3 Air Magic


You had 2 spell levels left.
You knew the following spells:

 Your Spells              Type           Power      Damage    Failure   Level
a - Shock                 Conj/Air       80%        1d8       2%          1
b - Static Discharge      Conj/Air       20%        N/A       3%          2
c - Swiftness             Air            22%        N/A       5%          3
d - Airstrike             Air            11%        N/A       17%         4

Your spell library contained the following spells:

 Spells                   Type           Power      Damage    Failure   Level
 Ensorcelled Hibernation  Hex/Ice        6%         N/A       24%         2
 Passwall                 Tmut/Erth      2%         N/A       24%         2
 Spider Form              Tmut/Pois      3%         N/A       43%         3
 Summon Lightning Spire   Summ/Air       12%        N/A       45%         4
 Lightning Bolt           Conj/Air       10%        1d23      52%         5
 Iskenderun's Battlesphe  Conj           18%        2d7       56%         5
 Anguish                  Hex/Necr       1%         N/A       83%         4
 Iron Shot                Conj/Erth      5%         9d2       100%        6
 Spellforged Servitor     Conj/Summ      5%         N/A       100%        7


Dungeon Overview and Level Annotations

Branches:
Dungeon (5/15)
 Temple: D:4-7

Altars:

Shops:
D:1 [

Annotations:
D:5 Dowan, Duvessa, Pikel


Message History

There is a stone staircase leading down here.
You closely miss the lemure.
The lemure is severely wounded.
The lemure closely misses you.
You hit the lemure but do no damage.
The lemure is severely wounded.
The lemure hits you! The lemure completely misses you.
You hit the lemure.
The lemure is severely wounded.
The lemure barely misses you.
You hit the lemure but do no damage.
The lemure is severely wounded.
The lemure barely misses you. The lemure completely misses you.
You closely miss the lemure.
The lemure is severely wounded.
The lemure hits you!
You hit the lemure but do no damage.
The lemure is severely wounded.
The lemure barely misses you. The lemure hits you!
You closely miss the lemure.
The lemure is severely wounded.
The lemure hits you but does no damage.
Casting: Static Discharge (safe; 3% risk of failure)
Confirm with . or Enter, or press ? or * to list all spells.
The lemure is struck by an arc of lightning.
The lemure is almost dead.
You are struck by an arc of lightning.
The lightning grounds out.
The lemure barely misses you. The lemure closely misses you.
You closely miss the lemure.
The lemure is almost dead.
The lemure closely misses you.
You hit the lemure.
The lemure is almost dead.
The lemure closely misses you. The lemure hits you!
* * * LOW HITPOINT WARNING * * *
The lemure misses you. The lemure attacks as you move away!
The lemure hits you.
* * * LOW HITPOINT WARNING * * *
The lemure hits you!
You die...

#.........#.#.#.#.##.#........#
#.#.#.#.........#.#..#.#.#.....
#.....)...#.#.#.#.#..#.#......#
##.#.#.#.........#.#....###..#.#
#............#.......<..........
#..#.#.#.....#.#.#.#..#.#......#
#........##'##...#....[........#
#.#########.##.#.#.>............
#)# #...).@5..........#...#
#.########[#.#.####...#..).....#
#.)....).....#...##.............
######.###...###.###.#.........#
###.###.................#...#
#<.........##...#...........#
###.###.P≈PP.P.PP..#........#
#...<#P≈≈♣P≈P≈.PP#...###..#
####..PP≈≈≈≈≈≈♣≈≈≈.≈.# #...


You could see a neutral lemure (fast, strong, insane).

Vanquished Creatures
  2 ogres (D:4)
  2 lemures (D:5)
  A necrophage (D:5)
  A howler monkey (D:5)
  A gnoll shaman (D:4)
  2 hounds
  An orc priest (D:4)
  An iguana (D:4)
  An orc wizard (D:5)
  3 gnolls (D:4)
  An adder (D:3)
  A white imp (D:4)
  9 orcs
  11 ball pythons
  4 endoplasms
  3 giant cockroaches (D:1)
  5 goblins
  8 hobgoblins
  13 jackals
  2 quokkas
  3 bats
  6 frilled lizards
  3 kobolds
  2 rats
86 creatures vanquished.

Vanquished Creatures (others)
  2 orcs (D:5)
  8 plants (D:4)
10 creatures vanquished.

Grand Total: 96 creatures vanquished

Notes
Turn   | Place    | Note
-------+----------+-------------------------------------------
     0 | D:1      | Glokmah the Human Air Elementalist began the quest for the
                  | Orb.
     0 | D:1      | Reached XP level 1. HP: 13/13 MP: 3/3
   231 | D:1      | Reached XP level 2. HP: 19/19 MP: 3/5
   335 | D:1      | Learned a level 2 spell: Static Discharge
   793 | D:1      | Reached XP level 3. HP: 21/25 MP: 0/6
   863 | D:1      | Found Ochom's Antique Armour Boutique.
  1961 | D:2      | Found a faded altar of an unknown god.
  1967 | D:2      | Reached skill level 1 in Fighting
  2034 | D:2      | Reached XP level 4. HP: 32/32 MP: 5/7
  2648 | D:3      | Learned a level 3 spell: Swiftness
  3514 | D:4      | Reached skill level 4 in Air Magic
  3514 | D:4      | Reached XP level 5. HP: 15/37 MP: 0/8
  3772 | D:4      | Noticed an ogre
  3843 | D:4      | Killed an ogre
  3844 | D:4      | Reached XP level 6. HP: 43/44 MP: 2/10
  3923 | D:4      | Noticed an ogre
  3963 | D:4      | Killed an ogre
  4363 | D:4      | Learned a level 4 spell: Airstrike
  4469 | D:4      | Reached XP level 7. HP: 49/51 MP: 0/11
  4524 | D:1      | Bought a runed robe for 103 gold pieces
  4659 | D:5      | Entered Level 5 of the Dungeon
  4823 | D:5      | Reached skill level 5 in Air Magic
  5152 | D:5      | Noticed Dowan
  5152 | D:5      | Noticed Duvessa
  5350 | D:5      | Noticed Pikel
  5366 | D:4      | Slain by a lemure

Illustrated notes

Levels and vault maps discovered:
D:1:      dpeg_arrival_shelter, layout_loops_corners, serial_shops,
          nicolae_diamond_shop
D:2:      layout_basic, hellmonk_ecumenical_altar_lost_god
D:3:      layout_basic, dk_noncrumbling_4
D:4:      layout_basic, serial_glass, glass_columns_b, glass_columns_b,
          glass_columns_b, glass_columns_c, glass_columns_c, glass_columns_c,
          feat_on_display, feat_on_display, item_on_display_a,
          serial_bayou_lagoon_a
D:5:      minmay_bubble_buster, layout_basic, uniq_pikel, uniq_blork_the_orc,
          uniq_duvessa

Skill      XL: |  1  2  3  4  5  6  7 |
---------------+----------------------+-----
Conjurations   | 2 3 4 |  4.4
Fighting       | 1 2 |  2.7
Air Magic      | 4 5 |  5.3
Spellcasting   | 3 |  3.3
Dodging        | |  2.0
Stealth        | |  2.0

Action                   |  1- 3 |  4- 6 |  7- 9 || total
-------------------------+-------+-------+-------++-------
Melee: Whip              |    38 |    23 |       ||    61
       Dagger            |       |       |    27 ||    27
 Cast: Shock             |    60 |    69 |    19 ||   148
       Static Discharge  |     6 |    19 |    19 ||    44
  Use: Scroll            |       |       |     7 ||     7
Armor: Robe              |    11 |     1 |    13 ||    25
Dodge: Dodged            |    54 |    31 |    84 ||   169

Table legend: (Time is in decaauts)
 A = Elapsed time spent in this place.
 B = Non-inter-level travel time spent in this place.
 C = Inter-level travel time spent in this place.
 D = Time resting spent in this place.
 E = Time spent auto-exploring this place.
 F = Levels seen in this place.
 G = Mean time per level.
                   A        B        C        D        E       F      G
               +--------+--------+--------+--------+--------+-----+--------+
         Total |   5380 |   4889 |    491 |    235 |   3544 |   5 | 1076.0 |
       Dungeon |   5380 |   4889 |    491 |    235 |   3544 |   5 | 1076.0 |
               +--------+--------+--------+--------+--------+-----+--------+

Top non-repeatable levels by time:
     D:1: 1602 daAuts
     D:4: 1339 daAuts
     D:2: 1104 daAuts
     D:3: 876 daAuts
     D:5: 459 daAuts
